 Dungeon Crawl Stone Soup version 0.28.0-47-ge53b351184 (webtiles) character file.

Game seed: 4768863107601150888

1622 issech the Cudgeller (level 8, -1/78 HPs)
             Began as a Troll Fighter on May 3, 2022.
             Was an Initiate of Hepliaklqana.
             Slain by Gastronok (5 damage)
             ... on level 8 of the Dungeon.
             The game lasted 00:14:55 (5138 turns).

issech the Cudgeller (Troll Fighter)                Turns: 5138, Time: 00:14:56

Health: -1/78      AC:  8    Str: 25    XL:     8   Next: 65%
Magic:  7/7        EV: 10    Int:  4    God:    Hepliaklqana [......]
Gold:   359        SH:  8    Dex: 11    Spells: 7/7 levels left

rFire   . . .      SeeInvis .   J - +4 flail (holy)
rCold   . . .      Faith    .   c - +0 kite shield
rNeg    . . .      Spirit   .   b - +0 robe
rPois   .          Reflect  .   (helmet restricted)
rElec   .          Harm     .   (no cloak)
rCorr   .          Rampage  .   (gloves unavailable)
Will    +....                   (boots unavailable)
Stlth   +.........              Q - amulet of the acrobat
HPRegen 1.03/turn               t - ring of willpower
MPRegen 0.10/turn               k - +4 ring of protection

@: no status effects
A: large, unfitting armour, claws 3, regeneration 1, shaggy fur 1, tough skin 1
a: Renounce Religion


You were on level 8 of the Dungeon.
You worshipped Hepliaklqana.
Hepliaklqana was noncommittal.
You visited 2 branches of the dungeon, and saw 9 of its levels.

You collected 359 gold pieces.

Inventory:

Hand Weapons
 a - a +0 flail
 q - a +0 dagger of freezing
 r - a +2 war axe of freezing
 u - a +1 dagger of holy wrath
 A - a +1 halberd of protection
 B - a +0 quarterstaff of holy wrath
 F - a +0 dagger of speed
 J - a +4 flail of holy wrath (weapon)
 S - a +1 war axe of flaming
 U - a +2 shortbow of flaming
Missiles
 i - 132 stones (quivered)
 m - 2 poisoned darts
 x - 81 bolts
 y - 30 sling bullets
 H - 69 arrows
 L - 5 javelins
Armour
 b - a +0 robe (worn)
 c - a +0 kite shield (worn)
 R - an orb of light
Magical Staves
 l - a staff of fire
Jewellery
 e - a ring of see invisible
 g - an amulet of magic regeneration
 k - a +4 ring of protection (right claw)
 n - a ring of positive energy
 t - a ring of willpower (left claw)
 Q - an amulet of the acrobat (around neck)
 T - a +6 ring of intelligence
Wands
 v - a wand of iceblast (14)
 D - a wand of polymorph (7)
 G - a wand of flame (25)
Scrolls
 f - 4 scrolls of identify {unknown}
 h - a scroll of fear {unknown}
 s - 2 scrolls of noise {unknown}
 w - a scroll of silence {unknown}
 C - a scroll of teleportation {unknown}
 E - a scroll of amnesia {unknown}
 I - a scroll of vulnerability {unknown}
 K - 2 scrolls of blinking {unknown}
 M - 2 scrolls of summoning {unknown}
 N - a scroll of magic mapping {unknown}
 P - a scroll of immolation {unknown}
Potions
 d - 2 potions of might
 j - 4 potions of curing {unknown}
 o - a potion of heal wounds {unknown}
 p - a potion of attraction {unknown}
 z - a potion of mutation {unknown}
 O - a potion of degeneration {unknown}


   Skills:
 + Level 4.2 Fighting
 + Level 3.7(5.0) Axes
 + Level 5.5(6.2) Maces & Flails
 + Level 1.1 Throwing
 + Level 4.9 Dodging
 + Level 0.7 Stealth
 + Level 3.9 Shields


You had 7 spell levels left.
You didn't know any spells.
Your spell library contained the following spells:

 Spells                   Type           Power      Damage    Failure   Level
 Freeze                   Ice            0%         1d3       78%         1
 Corpse Rot               Necr/Air       0%         N/A       89%         2
 Call Canine Familiar     Summ           0%         N/A       98%         3
 Frozen Ramparts          Ice            0%         1d2       98%         3
 Gell's Gravitas          Tloc           0%         N/A       98%         3
 Portal Projectile        Hex/Tloc       0%         N/A       98%         3
 Teleport Other           Tloc           0%         N/A       98%         3
 Dispel Undead            Necr           0%         3d6       100%        4
 Hailstorm                Conj/Ice       0%         3d3       100%        4
 Leda's Liquefaction      Hex/Erth       0%         N/A       100%        4
 Death Channel            Necr           0%         N/A       100%        6
 Dispersal                Tloc           0%         N/A       100%        6


Dungeon Overview and Level Annotations

Branches:
Dungeon (8/15)             Temple (1/1) D:6
   Lair: D:8-11

Altars:
Ashenzari
Cheibriados
Dithmenos
Elyvilon
Fedhas
Gozag
Hepliaklqana
Kikubaaqudgha
Makhleb
Nemelex Xobeh
Okawaru
Qazlal
Ru
Sif Muna
Trog
Uskayaw
Vehumet
Wu Jian
Xom
Yredelemnul
Zin
The Shining One

Annotations:
D:8 Gastronok


Innate Abilities, Weirdness & Mutations

You are too large for most types of armour.
You have claws for hands.
Your natural rate of healing is unusually fast.
You are covered in fur. (AC +1)
You have tough skin. (AC +1)


Message History

You block the rat's attack. Gastronok bites you!
You hit Gastronok.
Gastronok is severely wounded.
The rat closely misses you. Gastronok bites you. The rat closely misses you.
You thump Gastronok!
Gastronok is severely wounded.
The rat misses you.
You hit Gastronok.
Gastronok is severely wounded.
The rat barely misses you. Gastronok bites you!!
* * * LOW HITPOINT WARNING * * *
You hit Gastronok.
Gastronok is severely wounded.
You block the rat's attack.
You sock Gastronok!
Gastronok is severely wounded.
You block the rat's attack. Gastronok bites you!
* * * LOW HITPOINT WARNING * * *
The rat bites you but does no damage.
Unknown command.
You hit Gastronok.
Gastronok is severely wounded.
The rat bites you but does no damage. Gastronok barely misses you.
Unknown command.
You hit Gastronok but do no damage.
Gastronok is severely wounded.
The rat bites you.
* * * LOW HITPOINT WARNING * * *
Unknown command.
You sock Gastronok!
Gastronok is almost dead.
The rat bites you.
* * * LOW HITPOINT WARNING * * *
Gastronok barely misses you.
Unknown command.
You hit Gastronok.
Gastronok is almost dead.
The rat twitches its whiskers.
You block the rat's attack. Gastronok bites you.
You die...

#..........#
#..........##
#...........####
###............# .
#.####.####..##.#
#.##.....## .....
#.#.......#......
#.#..)....#......
#....._..@w(((...
#.#.....r.#......
...#.......#....(.
##. ##.....##
..... # ###.###
..... .... .#
##.#. # .. .. #.


You could see Gastronok and a rat (summoned).

Vanquished Creatures
  Menkaure (D:4)
  Edmund (D:5)
  Duvessa (D:5)
  2 black bears (D:4)
  A necrophage (D:5)
  3 centaurs
  2 scorpions
  Dowan (D:5)
  A bullfrog zombie (D:6)
  A bullfrog skeleton (D:6)
  A centaur skeleton (D:6)
  3 hounds
  2 jellies
  2 orc priests
  Ijyb (D:5)
  2 orc wizards (D:3)
  4 gnolls (D:5)
  10 adders
  A shadow imp (D:6)
  A white imp (D:7)
  An ufetubus (D:5)
  An adder skeleton (D:4)
  11 orcs
  8 endoplasms
  2 giant cockroaches (D:2)
  4 goblins
  9 hobgoblins
  4 jackals (D:2)
  3 quokkas
  5 ball pythons
  3 bats
  3 frilled lizards (D:1)
  6 kobolds
  7 rats
108 creatures vanquished.

Notes
Turn   | Place    | Note
-------+----------+-------------------------------------------
     0 | D:1      | issech the Troll Fighter began the quest for the Orb.
     0 | D:1      | Reached XP level 1. HP: 22/22 MP: 0/0
   187 | D:1      | Reached XP level 2. HP: 22/29 MP: 1/1
   290 | D:1      | Reached skill level 2 in Maces & Flails
   806 | D:2      | Reached XP level 3. HP: 8/36 MP: 2/2
  1035 | D:2      | Reached XP level 4. HP: 43/44 MP: 3/3
  1282 | D:2      | You fall into a shaft and drop 2 floors!
  1305 | D:4      | Noticed a black bear
  1646 | D:3      | Reached skill level 3 in Maces & Flails
  1700 | D:3      | Reached XP level 5. HP: 43/52 MP: 4/4
  2004 | D:4      | Noticed a black bear
  2012 | D:4      | Killed a black bear
  2013 | D:4      | Reached skill level 4 in Maces & Flails
  2013 | D:4      | Reached XP level 6. HP: 53/59 MP: 5/5
  2185 | D:4      | Noticed Menkaure
  2263 | D:4      | Killed Menkaure
  2264 | D:4      | Reached skill level 1 in Axes
  2335 | D:4      | Reached XP level 7. HP: 67/67 MP: 6/6
  2885 | D:5      | Entered Level 5 of the Dungeon
  3012 | D:5      | Noticed Duvessa
  3012 | D:5      | Noticed Dowan
  3021 | D:5      | Noticed Ijyb
  3025 | D:5      | Killed Duvessa
  3027 | D:5      | Killed Dowan
  3032 | D:5      | Killed Ijyb
  3193 | D:5      | Reached skill level 1 in Throwing
  3226 | D:5      | Noticed Edmund
  3236 | D:5      | Killed Edmund
  3237 | D:5      | Reached XP level 8. HP: 45/78 MP: 7/7
  3839 | D:6      | Reached skill level 5 in Maces & Flails
  3920 | D:6      | Found a staircase to the Ecumenical Temple.
  3946 | Temple   | Entered the Ecumenical Temple
  4032 | Temple   | Became a worshipper of Hepliaklqana the Forgotten
  5090 | D:8      | Found a basalt altar of Yredelemnul.
  5109 | D:8      | Noticed Gastronok
  5134 | D:8      | HP: 1/78 [Gastronok (12)]
  5138 | D:8      | Slain by Gastronok

Illustrated notes

Levels and vault maps discovered:
D:1:      minmay_arrival_five_plusses, layout_basic, grunt_decor_mini_mirrors,
          minmay_strange_pillars
D:2:      layout_loops_ring
D:3:      layout_basic
D:4:      layout_cave_pods, uniq_menkaure
D:5:      layout_cave_pools, hangedman_decor_slide_cut, uniq_edmund,
          uniq_duvessa, uniq_ijyb
D:6:      layout_loops_ring, minmay_temple_entry_hall, minmay_hedge_maze,
          lemuel_old_faithful
D:7:      minmay_chambers_of_sevens, layout_basic, minmay_shattered_shrine
D:8:      layout_basic, old_standard_altar, minmay_fractal_squares_diagonal_5,
          uniq_gastronok
Temple:   grunt_wide_crystal_templ

Skill      XL: |  1  2  3  4  5  6  7  8 |
---------------+-------------------------+-----
Maces & Flails | 2 3 4 5 |  5.5
Dodging        | 3 4 |  4.9
Shields        | 3 |  3.9
Fighting       | 3 4 |  4.2
Axes           | 1 3 |  3.7
Throwing       | 1 |  1.1
Stealth        | |  0.7

Action                   |  1- 3 |  4- 6 |  7- 9 || total
-------------------------+-------+-------+-------++-------
Melee: Flail             |   143 |    79 |    71 ||   293
       War axe           |       |    37 |    58 ||    95
Throw: Stone             |       |     8 |    23 ||    31
 Stab: Sleeping          |       |       |     1 ||     1
Armor: Robe              |    53 |    72 |    55 ||   180
Dodge: Dodged            |    78 |    58 |    71 ||   207
Block: Kite shield       |    71 |    48 |    57 ||   176
